 Dungeon Crawl Stone Soup version 0.30-a0-170-g85af917532 (webtiles) character file.

Game seed: 16879453572523399578

917 qw the Chopper (level 8, 0/48 HPs)
             Began as a Gargoyle Fighter on Sept 30, 2022.
             Was a Follower of Okawaru.
             Slain by Sigmund
             ... wielding a +3 scythe of flaming
              (1 damage)
             ... on level 5 of the Dungeon.
             The game lasted 00:01:47 (4469 turns).

qw the Chopper (Gargoyle Fighter)                   Turns: 4469, Time: 00:01:47

Health: 0/48       AC: 22    Str: 22    XL:     8   Next: 9%
Magic:  9/10       EV:  9    Int:  9    God:    Okawaru [*.....]
Gold:   200        SH:  5    Dex:  9    Spells: 7/7 levels left

rFire   . . .      SeeInvis .    Y - +0 war axe
rCold   . . .      Faith    .    c - +0 buckler
rNeg    + . .      Spirit   .    l - +0 chain mail
rPois   inf        Reflect  .    i - +2 helmet
rElec   +          Harm     .    f - +1 cloak
rCorr   .          Rampage  .    (no gloves)
Will    .....                    (no boots)
Stlth   ..........               (no amulet)
HPRegen 0.16/turn                (no ring)
MPRegen 0.12/turn                (no ring)

@: heroic
A: sickness immunity, AC +5, negative energy resistance 1, electricity
resistance, torment resistance 1, petrification resistance
a: Renounce Religion, Heroism


You were on level 5 of the Dungeon.
You worshipped Okawaru.
Okawaru was aware of your devotion.
You visited 1 branch of the dungeon, and saw 5 of its levels.

You collected 200 gold pieces.


Innate Abilities, Weirdness & Mutations

You are immune to sickness and miasma.
Your stone body is resilient. (AC +5)
You are immune to poison.
You resist negative energy. (rN+)
You are resistant to electric shocks. (rElec)
You are resistant to unholy torment.
You are immune to petrification.


   Skills:
 - Level 4.7(9.7) Fighting
 + Level 6.7(11.7) Axes
 - Level 3.2(8.2) Armour
 - Level 1.9(6.9) Dodging
 - Level 3.2(8.2) Shields
 + Level 3.6 Invocations


You had 7 spell levels left.
You didn't know any spells.
Your spell library was empty.

Inventory:

Hand Weapons
 b - a +0 flail
 Y - a +0 war axe (weapon)
Missiles
 n - 5 boomerangs (quivered)
Armour
 c - a +0 buckler (worn)
 f - a +1 cloak (worn)
 i - a +2 helmet (worn)
 l - a +0 chain mail (worn)
Scrolls
 g - a scroll of brand weapon {unknown}
 h - 2 scrolls of identify
Potions
 a - a potion of flight {unknown}
 d - a potion of might
 e - a potion of attraction {unknown}
 j - a potion of invisibility {unknown}
 k - 3 potions of curing {unknown}
 m - a potion of haste {unknown}
 o - a potion of mutation {unknown}

Dungeon Overview and Level Annotations

Branches:
Dungeon (5/15)
 Temple: D:4-7

Altars:
Dithmenos
Elyvilon
Fedhas
Kikubaaqudgha
Makhleb
Nemelex Xobeh
Okawaru

Shops:
D:3 [

Annotations:
D:3 2 transporters, qw's ghost, amateur GrFi
D:4 Natasha
D:5 Sigmund


Message History

The centaur kicks you but does no damage.
You slash the centaur!
The centaur is severely wounded.
You miss the water moccasin.
The centaur hits you but does no damage.
The centaur kicks you but does no damage.
Something hits you! Something burns you. The water moccasin barely misses you.
You closely miss the centaur.
The centaur is severely wounded.
You hit the water moccasin but do no damage.
The centaur hits you but does no damage.
The centaur kicks you but does no damage.
The water moccasin misses you. The centaur closely misses you.
The centaur kicks you but does no damage.
Something hits you but does no damage.
You barely miss the centaur.
The centaur is severely wounded.
You hit the water moccasin but do no damage.
The water moccasin closely misses you.
The centaur hits you but does no damage.
The centaur kicks you but does no damage.
The water moccasin barely misses you.
You slash the centaur!
You kill the centaur!
Okawaru accepts your kill.
You barely miss the water moccasin. Something hits you but does no damage.
The water moccasin bites you!
You slash the water moccasin!
The water moccasin is severely wounded.
You block the water moccasin's attack.
You barely miss the water moccasin.
The water moccasin is severely wounded.
You block the water moccasin's attack. Something hits you. Something burns you.
An adder comes into view.
You block the water moccasin's attack.
You closely miss the water moccasin.
The water moccasin is severely wounded.
The adder hisses angrily.
The water moccasin bites you. Something hits you. Something burns you.
You die...

.## .# #####..# ...#
#.#.... . ....##.....#
.. ............ .#
...........## ..#
............###..##
............#.....#
...#........{.@).#
....#...........S.#
#.................S#
..[......##.#........
.........#..###.......
........................
.................#......
..............#.##......
.............## .. .


You could see a water moccasin and an adder.

Vanquished Creatures
  Menkaure (D:4)
  2 centaurs (D:5)
  2 necrophages
  A scorpion (D:5)
  A howler monkey (D:5)
  A jelly (D:4)
  A hound (D:4)
  2 orc priests
  Ijyb (D:4)
  Natasha (D:4)
  Terence (D:3)
  3 orc wizards
  4 gnolls (D:4)
  2 adders (D:2)
  A worm (D:4)
  A dart slug (D:1)
  13 orcs
  8 bats
  2 endoplasms (D:2)
  3 giant cockroaches
  4 goblins
  10 hobgoblins
  8 jackals (D:3)
  3 quokkas
  11 ball pythons
  3 frilled lizards
  8 kobolds
  4 rats
102 creatures vanquished.

Notes
Turn   | Place    | Note
-------+----------+-------------------------------------------
     0 | D:1      | qw the Gargoyle Fighter began the quest for the Orb.
     0 | D:1      | Reached XP level 1. HP: 14/14 MP: 1/1
     0 | D:1      | 0 ||| qw: Version: 0.2-a-12-gaebbb33
     0 | D:1      | 0 ||| qw: Game counter: 1519
     0 | D:1      | 0 ||| qw: Always use a shield: true
     0 | D:1      | 0 ||| qw: God list: Okawaru
     0 | D:1      | 0 ||| qw: Allow faded altars: false
     0 | D:1      | 0 ||| qw: Do Orc after D:15 true
     0 | D:1      | 0 ||| qw: Do second Lair branch before Depths: true
     0 | D:1      | 0 ||| qw: Lair rune preference: random
     0 | D:1      | 0 ||| qw: Plans: Normal, Zot:1-4, God:TSO, Crypt, Tomb,
                  | Pan, Slime:5, Hells, Abyss, Orb
     0 | D:1      | 0 ||| PLANNING D:1-11
    29 | D:1      | 29 ||| Stepping ~*~*~tactically~*~*~ (hiding).
    36 | D:1      | Reached skill level 2 in Axes
   172 | D:1      | Reached XP level 2. HP: 16/19 MP: 2/2
   238 | D:1      | 238 ||| Stepping ~*~*~tactically~*~*~ (stealth).
   239 | D:1      | 239 ||| Stepping ~*~*~tactically~*~*~ (stealth).
   241 | D:1      | 241 ||| Stepping ~*~*~tactically~*~*~ (stealth).
   699 | D:1      | 699 ||| Stepping ~*~*~tactically~*~*~ (stealth).
   717 | D:1      | 717 ||| Stepping ~*~*~tactically~*~*~ (stealth).
   718 | D:1      | 718 ||| Stepping ~*~*~tactically~*~*~ (stealth).
   719 | D:1      | 719 ||| Stepping ~*~*~tactically~*~*~ (stealth).
   720 | D:1      | 720 ||| Stepping ~*~*~tactically~*~*~ (stealth).
   726 | D:1      | Reached skill level 3 in Axes
   856 | D:1      | 856 ||| READING scroll labelled WED LIKAGANIAM.
   857 | D:1      | 857 ||| READING scroll labelled SOR ZIUHEGORUL.
   858 | D:1      | 858 ||| READING scroll labelled GOROOT AZONK.
   920 | D:2      | 920 ||| FLEEEEING.
   922 | D:2      | 922 ||| FLEEEEING.
   923 | D:2      | 923 ||| FLEEEEING.
   924 | D:2      | 924 ||| FLEEEEING.
   925 | D:2      | 925 ||| FLEEEEING.
   926 | D:2      | 926 ||| FLEEEEING.
   927 | D:2      | 927 ||| FLEEEEING.
   928 | D:2      | 928 ||| STAIRDANCE
   981 | D:2      | Reached XP level 3. HP: 23/23 MP: 3/3
  1478 | D:2      | Found a faded altar of an unknown god.
  1619 | D:2      | Reached XP level 4. HP: 26/28 MP: 4/4
  1800 | D:2      | 1800 ||| UPGRADING to +0 cloak.
  1805 | D:2      | 1805 ||| UPGRADING to +2 helmet.
  1810 | D:2      | 1810 ||| READING scroll labelled QEPHOR WAITWO.
  1911 | D:2      | 1911 ||| READING scroll labelled OTWOOR POUFIRGH.
  1962 | D:3      | Found Riejeymalu's Antique Armour Shoppe.
  1972 | D:3      | 1972 ||| SHOPLISTING shiny helmet (210 gold, have 106).
  1972 | D:3      | 1972 ||| SHOPLISTING shiny scale mail (196 gold, have 106).
  2001 | D:3      | Noticed Terence
  2003 | D:3      | 2003 ||| Stepping ~*~*~tactically~*~*~ (stealth).
  2012 | D:3      | Killed Terence
  2013 | D:3      | Reached skill level 4 in Axes
  2256 | D:3      | Found a transporter.
  2256 | D:3      | Found a transporter.
  2257 | D:3      | Noticed qw's ghost (amateur GrFi)
  2257 | D:3      | Noticed an ogre
  2257 | D:3      | Noticed an ogre
  2257 | D:3      | Noticed an ogre
  2374 | D:3      | Found a white marble altar of Elyvilon.
  2375 | D:3      | Found a sparkling altar of Nemelex Xobeh.
  2387 | D:3      | Found a shadowy altar of Dithmenos.
  2387 | D:3      | Found a blossoming altar of Fedhas.
  2387 | D:3      | Found an iron altar of Okawaru.
  2388 | D:3      | 2388 ||| PLANNING OKAWARU WORSHIP
  2388 | D:3      | 2388 ||| UPGRADING to +0 chain mail.
  2398 | D:3      | 2398 ||| DROPPING +0 scale mail.
  2399 | D:3      | 2399 ||| READING scroll labelled PEIRU GIMUH.
  2400 | D:3      | 2400 ||| DRINKING 2 clear potions.
  2401 | D:3      | 2401 ||| DROPPING potion of degeneration.
  2402 | D:3      | Found a burning altar of Makhleb.
  2404 | D:3      | Found an ancient bone altar of Kikubaaqudgha.
  2409 | D:3      | Became a worshipper of Warmaster Okawaru
  2410 | D:3      | 2410 ||| PLANNING D:1-11
  2653 | D:3      | Reached XP level 5. HP: 32/32 MP: 5/5
  2921 | D:3      | 2921 ||| DRINKING 2 red potions.
  3022 | D:3      | 3022 ||| DROPPING potion of ambrosia.
  3066 | D:4      | 3066 ||| DROPPING +0 whip.
  3114 | D:4      | Reached skill level 5 in Axes
  3117 | D:4      | Noticed Menkaure
  3118 | D:4      | 3118 ||| Stepping ~*~*~tactically~*~*~ (hiding).
  3119 | D:4      | 3119 ||| Stepping ~*~*~tactically~*~*~ (hiding).
  3126 | D:4      | Killed Menkaure
  3127 | D:4      | Reached XP level 6. HP: 26/39 MP: 6/6
  3231 | D:4      | Noticed Ijyb
  3232 | D:4      | 3232 ||| Stepping ~*~*~tactically~*~*~ (hiding).
  3241 | D:4      | Killed Ijyb
  3425 | D:4      | 3425 ||| Stepping ~*~*~tactically~*~*~ (stealth).
  3476 | D:4      | 3476 ||| Stepping ~*~*~tactically~*~*~ (hiding).
  3489 | D:4      | Reached * piety under Okawaru
  3490 | D:4      | 3490 ||| FLEEEEING.
  3491 | D:4      | 3491 ||| FLEEEEING.
  3492 | D:4      | 3492 ||| FLEEEEING.
  3493 | D:4      | 3493 ||| FLEEEEING.
  3494 | D:4      | 3494 ||| FLEEEEING.
  3495 | D:4      | 3495 ||| FLEEEEING.
  3496 | D:4      | 3496 ||| FLEEEEING.
  3497 | D:4      | 3497 ||| FLEEEEING.
  3498 | D:4      | 3498 ||| FLEEEEING.
  3499 | D:4      | 3499 ||| FLEEEEING.
  3500 | D:4      | 3500 ||| FLEEEEING.
  3501 | D:4      | 3501 ||| FLEEEEING.
  3502 | D:4      | 3502 ||| FLEEEEING.
  3503 | D:4      | 3503 ||| FLEEEEING.
  3504 | D:4      | 3504 ||| FLEEEEING.
  3505 | D:4      | 3505 ||| FLEEEEING.
  3506 | D:4      | 3506 ||| FLEEEEING.
  3509 | D:4      | 3509 ||| FLEEEEING.
  3510 | D:4      | 3510 ||| FLEEEEING.
  3511 | D:4      | 3511 ||| FLEEEEING.
  3512 | D:4      | 3512 ||| FLEEEEING.
  3513 | D:4      | 3513 ||| FLEEEEING.
  3514 | D:4      | 3514 ||| FLEEEEING.
  3515 | D:4      | 3515 ||| FLEEEEING.
  3516 | D:4      | 3516 ||| FLEEEEING.
  3517 | D:4      | 3517 ||| FLEEEEING.
  3518 | D:4      | 3518 ||| FLEEEEING.
  3526 | D:4      | 3526 ||| FLEEEEING.
  3527 | D:4      | 3527 ||| FLEEEEING.
  3528 | D:4      | 3528 ||| FLEEEEING.
  3529 | D:4      | 3529 ||| FLEEEEING.
  3530 | D:4      | 3530 ||| FLEEEEING.
  3531 | D:4      | 3531 ||| FLEEEEING.
  3532 | D:4      | 3532 ||| FLEEEEING.
  3533 | D:4      | 3533 ||| FLEEEEING.
  3534 | D:4      | 3534 ||| FLEEEEING.
  3535 | D:4      | 3535 ||| FLEEEEING.
  3536 | D:4      | 3536 ||| FLEEEEING.
  3537 | D:4      | 3537 ||| FLEEEEING.
  3538 | D:4      | 3538 ||| FLEEEEING.
  3539 | D:4      | 3539 ||| FLEEEEING.
  3540 | D:4      | 3540 ||| FLEEEEING.
  3541 | D:4      | 3541 ||| FLEEEEING.
  3549 | D:4      | 3549 ||| INVOKING Heroism.
  3675 | D:4      | 3675 ||| Stepping ~*~*~tactically~*~*~ (hiding).
  3676 | D:4      | 3676 ||| INVOKING Heroism.
  3681 | D:4      | Reached skill level 1 in Invocations
  3684 | D:4      | Reached XP level 7. HP: 36/44 MP: 4/7
  3687 | D:4      | 3687 ||| INVOKING Heroism.
  3904 | D:4      | 3904 ||| Stepping ~*~*~tactically~*~*~ (stealth).
  3920 | D:4      | Noticed Natasha
  3921 | D:4      | 3921 ||| INVOKING Heroism.
  3924 | D:4      | Killed Natasha
  3925 | D:4      | Reached skill level 6 in Axes
  3987 | D:4      | Noticed Natasha
  3988 | D:4      | 3988 ||| Stepping ~*~*~tactically~*~*~ (stealth).
  4064 | D:4      | 4064 ||| Stepping ~*~*~tactically~*~*~ (stealth).
  4084 | D:4      | 4084 ||| Stepping ~*~*~tactically~*~*~ (stealth).
  4180 | D:4      | 4180 ||| Stepping ~*~*~tactically~*~*~ (stealth).
  4230 | D:4      | 4230 ||| READING 2 scrolls labelled OVAUNI FAPO.
  4231 | D:4      | 4231 ||| READING scroll of enchant armour.
  4231 | D:4      | 4231 ||| ENCHANTING +0 cloak.
  4232 | D:4      | 4232 ||| READING scroll labelled QUSYES MATT.
  4237 | D:5      | Entered Level 5 of the Dungeon
  4241 | D:5      | 4241 ||| INVOKING Heroism.
  4245 | D:5      | Reached skill level 1 in Dodging
  4368 | D:5      | 4368 ||| INVOKING Heroism.
  4383 | D:5      | Reached skill level 3 in Invocations
  4449 | D:5      | Noticed Sigmund
  4450 | D:5      | 4450 ||| INVOKING Heroism.
  4455 | D:5      | Reached XP level 8. HP: 37/48 MP: 7/10
  4456 | D:5      | 4456 ||| Stepping ~*~*~tactically~*~*~ (hiding).
  4458 | D:5      | 4458 ||| Stepping ~*~*~tactically~*~*~ (hiding).
  4466 | D:5      | HP: 7/48 [water moccasin (7)]
  4468 | D:5      | HP: 3/48 [something (1)]
  4469 | D:5      | HP: 1/48 [something (1)]
  4469 | D:5      | Slain by Sigmund

Levels and vault maps discovered:
D:1:      sevenhm_arrival_forest_fort_small_6, layout_loops_ring
D:2:      layout_basic, chequers_ecumenical_altar_simple_redux
D:3:      layout_loops_cross, minitemple, gammafunk_ghost_smash, serial_shops,
          nicolae_shop_statue_plus, uniq_terence
D:4:      layout_basic, st_stairs_13, uniq_menkaure, uniq_ijyb, uniq_natasha
D:5:      layout_cave_pools, gammafunk_ghost_necromancy, uniq_sigmund

Skill      XL: |  1  2  3  4  5  6  7 |
---------------+----------------------+-----
Axes           | 2 3 4 5 6 |  6.7
Fighting       | 4 |  4.7
Invocations    | 1 3 |  3.6
Dodging        | 1 |  1.9
Armour         | |  3.2
Shields        | |  3.2

Action                   |  1- 3 |  4- 6 |  7- 9 || total
-------------------------+-------+-------+-------++-------
Melee: War axe           |    99 |   149 |    68 ||   316
Throw: Boomerang         |       |       |     4 ||     4
Invok: Heroism           |       |     2 |     5 ||     7
  Use: Scroll            |     3 |     3 |     3 ||     9
       Potion            |       |     2 |       ||     2
Armor: Scale mail        |    60 |    17 |       ||    77
       Chain mail        |       |    79 |    66 ||   145
Dodge: Dodged            |    50 |    60 |    34 ||   144
Block: Buckler           |    25 |    26 |    12 ||    63

Table legend:
 A = Non-vault XP
 B = Vault XP
 C = Vault XP percentage of total XP
 D = Non-vault monster count
 E = Vault monster count
 F = Vault count percentage of total count
                 A         B        C        D         E       F
            +---------+---------+-------+---------+---------+-------
      Total |     998 |     313 |  23.9 |      96 |       6 |   5.9
            +---------+---------+-------+---------+---------+-------
        D:1 |      31 |       0 |   0.0 |      18 |       0 |   0.0
        D:2 |      53 |       0 |   0.0 |      18 |       0 |   0.0
        D:3 |      49 |      36 |  42.4 |      26 |       1 |   3.7
        D:4 |     292 |     277 |  48.7 |      20 |       5 |  20.0
        D:5 |     573 |       0 |   0.0 |      14 |       0 |   0.0
            +---------+---------+-------+---------+---------+-------
